 Dungeon Crawl Stone Soup version 0.29.0-10-g45618ea6d2 (webtiles) character file.

Game seed: 9624755166567049037

42834 Lochraine the Destroyer (level 13, -5/99 HPs)
             Began as a White Draconian Conjurer on Sept 1, 2022.
             Was a High Priest of Hepliaklqana.
             Slain by a wolf spider (8 damage)
             ... on level 5 of the Lair of Beasts.
             The game lasted 01:12:18 (20171 turns).

Lochraine the Destroyer (White Draconian Conjurer) Turns: 20171, Time: 01:12:18

Health: -5/99      AC: 10    Str: 11    XL:     13   Next: 87%
Magic:  15/35      EV: 14    Int: 22    God:    Hepliaklqana [*****.]
Gold:   923        SH:  0    Dex: 10    Spells: 9/30 levels left

rFire   + . .      SeeInvis .   f - staff of cold
rCold   + + +      Faith    .   (no shield)
rNeg    . . .      Spirit   .   (body armour unavailable)
rPois   .          Reflect  .   S - +1 hat
rElec   .          Harm     .   U - scarf {rC+ rF+}
rCorr   .          Rampage  .   (no gloves)
Will    .....                   T - +0 pair of boots
Stlth   ++........              (no amulet)
HPRegen 0.26/turn               s - ring of magical power
MPRegen 0.24/turn               O - ring of wizardry

@: lethally poisoned (-5 -> -19), very slightly contaminated
A: reduced essence, breathe frost, AC +8, unfitting armour, cold resistance 1,
cold-blooded
a: Breathe Frost, Renounce Religion, Recall Ancestor, Ancestor Identity,
Transference, Idealise


You were on level 5 of the Lair of Beasts.
You worshipped Hepliaklqana.
Hepliaklqana was extremely pleased with you.
You visited 3 branches of the dungeon, and saw 14 of its levels.
You also visited: Sewer.

You collected 923 gold pieces.

Inventory:

Hand Weapons
 j - a +1 dagger of venom
   (You took it off a kobold on level 1 of the Dungeon)
Missiles
 I - 3 throwing nets {!f}
 Q - 54 stones
Armour
 i - a scarf of harm
   (You found it in a sewer)
 w - an orb of energy
   (You found it on level 4 of the Dungeon)
 S - a +1 hat (worn)
   (You took it off Gastronok on level 3 of the Lair of Beasts)
 T - a +0 pair of boots (worn)
   (You found it on level 4 of the Lair of Beasts)
 U - a scarf of resistance (worn)
   (You found it on level 4 of the Lair of Beasts)
Magical Staves
 b - a staff of fire
   (You found it on level 1 of the Dungeon)
 f - a staff of cold (weapon)
   (You found it on level 1 of the Dungeon)
 K - a staff of poison
   (You found it on level 8 of the Dungeon)
Jewellery
 s - a ring of magical power (left hand)
   (You found it on level 3 of the Dungeon)
 O - a ring of wizardry (right hand)
   (You found it on level 3 of the Dungeon)
Wands
 d - a wand of iceblast (3)
   (You found it on level 1 of the Lair of Beasts)
 t - a wand of flame (9)
   (You found it on level 5 of the Dungeon)
 u - a wand of paralysis (11)
   (You found it on level 2 of the Lair of Beasts)
 v - a wand of digging (5)
   (You found it on level 7 of the Dungeon)
Scrolls
 c - 3 scrolls of butterflies
 h - 9 scrolls of teleportation {@r4}
 m - 3 scrolls of magic mapping
 x - 4 scrolls of enchant armour
 y - 5 scrolls of vulnerability {!r}
 z - a scroll of noise {!r}
 A - a scroll of brand weapon
 B - 4 scrolls of amnesia
 D - 2 scrolls of enchant weapon
 J - 2 scrolls of blinking
 L - a scroll of identify {@r1}
 M - 2 scrolls of immolation {!r}
 N - a scroll of fear
 P - a scroll of torment {!r}
Potions
 a - 3 potions of magic
 e - 4 potions of degeneration {!q}
 g - 4 potions of invisibility
 k - 4 potions of brilliance
 n - 2 potions of cancellation
 p - 5 potions of haste {@q3}
 q - 3 potions of berserk rage
 r - a potion of resistance
 C - 6 potions of might
 E - 2 potions of attraction {!q}
 F - 3 potions of flight
 G - 2 potions of lignification {!q}
 H - 2 potions of heal wounds {@q2}
 R - a potion of mutation {!q}
 V - 2 potions of ambrosia
Miscellaneous
 l - a condenser vane
   (You found it on level 5 of the Lair of Beasts)


   Skills:
 + Level 9.4 Fighting
 - Level 7.6 Dodging
 - Level 1.7 Stealth
 + Level 9.1 Spellcasting
 + Level 10.4 Conjurations
 - Level 5.8 Hexes
 - Level 9.0 Ice Magic
 - Level 7.0 Air Magic
 + Level 2.7 Earth Magic
 - Level 6.3 Invocations
 - Level 9.8 Evocations


You had 9 spell levels left.
You knew the following spells:

 Your Spells              Type           Power      Damage    Failure   Level
a - Magic Dart            Conj           100%       1d8       1%          1
b - Freezing Cloud        Conj/Ice/Air   32%        6-21      1%          5
c - Iron Shot             Conj/Erth      19%        9d4       26%         6
d - Dazzling Flash        Conj/Hex       90%        N/A       1%          3
s - Searing Ray           Conj           100%       2d8       1%          2
z - Fulminant Prism       Conj/Hex       22%        3d13      1%          4

Your spell library contained the following spells:

 Spells                   Type           Power      Damage    Failure   Level
 Foxfire                  Conj/Fire      100%       2x1d9     1%          1
 Conjure Flame            Conj/Fire      32%        6-21      1%          3
 Mephitic Cloud           Conj/Pois/Air  35%        N/A       1%          3
 Inner Flame              Hex/Fire       22%        N/A       2%          3
 Summon Guardian Golem    Hex/Summ       22%        N/A       2%          3
 Flame Wave               Conj/Fire      32%        2d9       3%          4
 Iskenderun's Mystic Bla  Conj/Tloc      32%        2d8       3%          4
 Ignite Poison            Fire/Tmut/Pois 10%        N/A       9%          3
 Fireball                 Conj/Fire      16%        3d8       9%          5
 Orb of Destruction       Conj           27%        9d9       30%         7
 Starburst                Conj/Fire      16%        6d6       43%         6
 Blade Hands              Tmut           5%         N/A       56%         5
 Spellforged Servitor     Conj/Summ      16%        N/A       92%         7
 Ignition                 Fire           5%         3d4       100%        8
 Animate Armour           Summ/Erth      Unusable   N/A       N/A         4

Dungeon Overview and Level Annotations

Branches:
Dungeon (8/15) Zot: 25817  Temple (1/1) D:5 Zot: 5760    Lair (5/5) D:8 Zot: 21066
 Shoals (0/4) Lair:2        Snake (0/4) Lair:3        Slime (0/5) Lair:5
  Sewer (visited)

Altars:
Ashenzari
Cheibriados
Dithmenos
Elyvilon
Fedhas
Gozag
Hepliaklqana
Kikubaaqudgha
Makhleb
Nemelex Xobeh
Okawaru
Qazlal
Ru
Sif Muna
Trog
Uskayaw
Vehumet
Wu Jian
Xom
Yredelemnul
Zin
The Shining One

Shops:
D:3 (   D:5 **   D:7 *

Annotations:
D:3 2 runed translucent doors
D:7 1 runed translucent door


Innate Abilities, Weirdness & Mutations

Your life essence is reduced to manifest your ancestor. (-10% HP)
You can breathe waves of freezing cold which knock back foes.
Your icy white scales are hard. (AC +8)
You cannot fit into any form of body armour.
Your flesh is cold resistant. (rC+)
You are cold-blooded and may be slowed by cold attacks.


Message History

The redback is engulfed in freezing vapours.
You kill the redback!
The wolf spider closely misses you. The wolf spider barely misses you.
The guardian serpent is engulfed in freezing vapours.
Wilburh hits the wolf spider with a +0 flail.
The wolf spider hits you! The wolf spider completely misses you.
The guardian serpent is engulfed in freezing vapours.
Wilburh blocks the guardian serpent's attack.
Unknown command.
Unknown command.
Wilburh avoids your attack.
The wolf spider is dazzled.
You feel very sick. The wolf spider barely misses you.
The wolf spider bites you.
You are more poisoned.
The wolf spider poisons you!
The guardian serpent is engulfed in freezing vapours.
The guardian serpent hits Wilburh!!
Wilburh hits the wolf spider with a +0 flail!
Aim: a guardian serpent (freezing vapour, heavily wounded, 74% to hit)
The searing ray hits the wolf spider!
The searing ray hits the guardian serpent! (Press . to maintain the ray.)
You feel extremely sick.
The wolf spider hits you but does no damage.
The wolf spider barely misses you.
The guardian serpent is engulfed in freezing vapours.
The guardian serpent hits Wilburh!!
Wilburh is destroyed!
The guardian serpent is engulfed in freezing vapours.
The wolf spider barely misses you. The wolf spider bites you.
The searing ray hits the guardian serpent!
You kill the guardian serpent!
You feel extremely sick. The wolf spider barely misses you.
The wolf spider closely misses you.
You feel very sick.
The wolf spider is no longer blind.
The wolf spider hits you!!
* * * LOW HITPOINT WARNING * * *
The wolf spider bites you!
* * * LOW HITPOINT WARNING * * *
The wolf spider hits you!
* * * LOW HITPOINT WARNING * * *
The wolf spider bites you.
* * * LOW HITPOINT WARNING * * *
You feel much better.
* * * LOW HITPOINT WARNING * * *
You feel very sick. The wolf spider hits you!
* * * LOW HITPOINT WARNING * * *
The wolf spider bites you!
You die...

####........##...#....#...##...P†
..##.........##..##..##..##.....P
..............##..#..#..##.......
........###....#R.####..#.....###
.......##.###....######.....###..
.###.#.# $§§###..##..##...###....
## ##### !§§§○####....#.###.....#
P###.## ?☼§§§§†......###.......#
.#..#.## ?$.§§☼s@.....###.......#
...#...# .$.§§####....#.###....P.
.......# $.§###..##.......###....
.......##.###...#####..#....###..
.......P###....##.####.##.....###
.......P......##..#..#..##.......
.............##..##..##..##......
........P...##...#....#...##.....
.......†...##...##....##...##....


You could see a wolf spider.

Vanquished Creatures
  Gastronok (Lair:3)
  A fire dragon (Lair:5)
  A hydra (Lair:5)
  4 death yaks
  4 black mambas
  A guardian serpent (Lair:5)
  Joseph (D:7)
  2 elephants (Lair:2)
  4 cane toads
  A rime drake (Lair:2)
  3 komodo dragons
  A hornet (Lair:5)
  22 blink frogs
  4 wyverns
  36 yaks
  A steam dragon (Lair:5)
  A redback (Lair:5)
  16 water moccasins
  A swamp drake (Lair:5)
  A sky beast (D:7)
  2 ice beasts (D:6)
  4 black bears
  5 orc warriors
  2 ogres (D:6)
  4 wolves
  A centaur (Lair:3)
  2 phantoms (D:5)
  A kobold brigand (D:8)
  8 bullfrogs
  3 scorpions
  A wight (D:6)
  A howler monkey (D:6)
  An electric eel (Lair:5)
  3 jellies
  2 gnoll boudas
  3 orc priests
  5 iguanas
  3 hell rats
  4 orc wizards
  6 gnolls
  6 river rats
  12 adders
  A worm (D:4)
  A dart slug (D:3)
  13 orcs
  8 endoplasms
  4 giant cockroaches
  11 hobgoblins
  13 jackals
  12 kobolds
  4 quokkas
  16 ball pythons
  6 bats
  7 frilled lizards
  3 goblins
  28 rats
  2 rat zombies (D:7)
  A bush (Lair:3)
315 creatures vanquished.

Vanquished Creatures (collateral kills)
  2 hydras
  A boulder beetle (Lair:3)
  A death yak (Lair:2)
  A swamp dragon (Lair:5)
  An elephant (Lair:2)
  5 black mambas
  10 cane toads
  5 komodo dragons
  3 rime drakes
  2 polar bears
  2 hornets (Lair:5)
  7 blink frogs
  10 yaks
  5 wyverns
  2 basilisks
  2 steam dragons
  A redback (Lair:5)
  2 nagas (Lair:3)
  2 acid dragons (Lair:5)
  12 water moccasins
  A swamp drake (Lair:5)
  An orc warrior (D:8)
  8 wolves
  A kobold brigand (D:7)
  6 bullfrogs
  A necrophage (D:7)
  3 wights (D:8)
  An orc priest (D:7)
  A hound (D:7)
  2 iguanas (Lair:5)
  An orc wizard (D:8)
  7 hell rats
  3 gnolls (D:8)
  A shadow imp (D:8)
  2 orcs
  A kobold (D:8)
116 creatures vanquished.

Vanquished Creatures (others)
  A knight (Lair:5)
  3 ancestors
  9 fulminant prisms
  56 fungi
  112 plants
181 creatures vanquished.

Grand Total: 612 creatures vanquished

Notes
Turn   | Place    | Note
-------+----------+-------------------------------------------
     0 | D:1      | Lochraine the Draconian Conjurer began the quest for the
                  | Orb.
     0 | D:1      | Reached XP level 1. HP: 14/14 MP: 3/3
   334 | D:1      | Reached XP level 2. HP: 16/20 MP: 0/5
   337 | D:1      | Learned a level 2 spell: Searing Ray
   665 | D:1      | Found a faded altar of an unknown god.
  1184 | D:1      | Reached XP level 3. HP: 26/26 MP: 2/7
  2042 | D:2      | Found a white marble altar of Elyvilon.
  2371 | D:3      | Learned a level 3 spell: Dazzling Flash
  2428 | D:3      | Reached XP level 4. HP: 19/33 MP: 1/8
  2438 | D:3      | Found a glowing drain.
  2453 | Sewer    | Entered a sewer
  2630 | Sewer    | Reached skill level 1 in Hexes
  2744 | Sewer    | Reached skill level 5 in Conjurations
  3190 | Sewer    | Reached XP level 5. HP: 38/38 MP: 3/10
  3372 | Sewer    | Reached XP level 6. HP: 13/45 MP: 2/12
  3741 | D:3      | Found Apre's Weapon Emporium.
  3955 | D:3      | Learned a level 4 spell: Fulminant Prism
  4624 | D:3      | Found a large runed translucent door.
  4624 | D:3      | Found a large runed translucent door.
  4624 | D:3      | Found a shimmering altar of Xom.
  5431 | D:5      | Entered Level 5 of the Dungeon
  5720 | D:5      | Noticed an orc warrior
  5730 | D:5      | Killed an orc warrior
  5731 | D:5      | Reached skill level 1 in Evocations
  5989 | D:5      | Reached skill level 6 in Conjurations
  5989 | D:5      | Your scales start taking on an icy white colour.
  5989 | D:5      | Reached XP level 7. HP: 42/50 MP: 12/13
  5989 | D:5      | Gained mutation: Your flesh is cold resistant. (rC+) [White
                  | Draconian growth]
  6131 | D:5      | Found a staircase to the Ecumenical Temple.
  6140 | Temple   | Entered the Ecumenical Temple
  6355 | Temple   | Became a worshipper of Hepliaklqana the Forgotten
  6454 | D:5      | Found Ziekhlio's Specific Store.
  6456 | D:5      | Found Wiosomee's General Store.
  6473 | D:5      | Learned a level 5 spell: Freezing Cloud
  6579 | D:5      | Reached skill level 1 in Ice Magic
  6913 | D:6      | Noticed a yak
  6913 | D:6      | Noticed a yak
  6913 | D:6      | Noticed a yak
  6913 | D:6      | Noticed a yak
  6913 | D:6      | Noticed a yak
  6914 | D:6      | Noticed a yak
  7393 | D:6      | Killed a yak
  7394 | D:6      | Reached skill level 5 in Spellcasting
  7394 | D:6      | Reached XP level 8. HP: 57/57 MP: 11/15
  7710 | D:6      | Found an iron altar of Okawaru.
  7772 | D:6      | Reached skill level 1 in Air Magic
  7846 | D:6      | Reached * piety under Hepliaklqana
  8252 | D:6      | Reached skill level 7 in Conjurations
  8253 | D:6      | Reached XP level 9. HP: 22/55 MP: 12/17
  8547 | D:6      | Reached skill level 5 in Hexes
  9075 | D:7      | Noticed Joseph
  9079 | D:7      | Reached skill level 5 in Ice Magic
  9084 | D:7      | Killed Joseph
  9358 | D:7      | Found a runed translucent door.
  9371 | D:7      | Noticed a sixfirhy
  9383 | D:7      | Reached skill level 5 in Evocations
  9519 | D:7      | Found Huediec's Sacrilege Store.
 10155 | D:8      | Reached skill level 8 in Conjurations
 10156 | D:8      | Reached XP level 10. HP: 55/62 MP: 17/19
 10170 | D:8      | Reached ** piety under Hepliaklqana
 10171 | D:8      | Remembered your ancestor Wilburh as a knight
 10175 | D:8      | Found a staircase to the Lair.
 10657 | D:8      | Found a blossoming altar of Fedhas.
 10741 | D:8      | Reached skill level 1 in Fighting
 11292 | Lair:1   | Entered Level 1 of the Lair of Beasts
 11485 | Lair:1   | Noticed a seven-headed hydra
 11491 | Lair:1   | Killed a seven-headed hydra
 11681 | Lair:1   | Noticed a cane toad
 11685 | Lair:1   | Killed a cane toad
 11686 | Lair:1   | Reached skill level 5 in Air Magic
 11768 | Lair:1   | Noticed a cane toad
 11778 | Lair:1   | Killed a cane toad
 11893 | Lair:1   | Noticed a cane toad
 11918 | Lair:1   | Killed a cane toad
 12196 | Lair:1   | Reached *** piety under Hepliaklqana
 12202 | Lair:1   | Noticed a cane toad
 12206 | Lair:1   | Killed a cane toad
 12211 | Lair:1   | Reached XP level 11. HP: 73/73 MP: 21/21
 12638 | Lair:2   | Reached skill level 9 in Conjurations
 12975 | Lair:2   | Found a staircase to the Shoals.
 13122 | Lair:2   | Noticed an eight-headed hydra
 13127 | Lair:2   | Killed an eight-headed hydra
 13474 | Lair:2   | Reached skill level 5 in Fighting
 13862 | Lair:2   | Noticed a death yak
 13862 | Lair:2   | Noticed a death yak
 13863 | Lair:2   | Noticed a death yak
 13864 | Lair:2   | Noticed a death yak
 13869 | Lair:2   | Killed a death yak
 13872 | Lair:2   | Killed a death yak
 13873 | Lair:2   | Reached skill level 5 in Dodging
 13873 | Lair:2   | Killed a death yak
 13873 | Lair:2   | Killed a death yak
 13874 | Lair:2   | Reached XP level 12. HP: 85/85 MP: 8/22
 14123 | Lair:2   | Reached **** piety under Hepliaklqana
 14695 | Lair:3   | You fall into a shaft and drop 1 floor!
 14706 | Lair:4   | Reached skill level 1 in Invocations
 14966 | Lair:3   | Noticed Gastronok
 14978 | Lair:3   | Killed Gastronok
 15339 | Lair:3   | Found a staircase to the Snake Pit.
 15366 | Lair:3   | Noticed a death yak
 15371 | Lair:3   | Killed a death yak
 15442 | Lair:3   | Noticed a boulder beetle
 15458 | Lair:3   | Killed a boulder beetle
 16672 | Lair:4   | Reached XP level 13. HP: 96/96 MP: 24/24
 16832 | Lair:4   | Reached skill level 5 in Invocations
 17753 | Lair:5   | Entered Level 5 of the Lair of Beasts
 17927 | Lair:5   | Found a staircase to the Slime Pits.
 18270 | Lair:5   | Reached ***** piety under Hepliaklqana
 18284 | Lair:5   | Found a glowing silver altar of Zin.
 18608 | Lair:5   | Noticed a fire dragon
 18616 | Lair:5   | Killed a fire dragon
 18960 | Lair:5   | Paralysed by a hornet for 1 turns
 19173 | Lair:5   | Learned a level 6 spell: Iron Shot
 19270 | Lair:5   | Reached skill level 10 in Conjurations
 19279 | Lair:5   | Reached skill level 1 in Earth Magic
 20170 | Lair:5   | HP: 2/99 [wolf spider (12)]
 20171 | Lair:5   | Slain by a wolf spider

Illustrated notes

Levels and vault maps discovered:
D:1:      scummos_arrival_gate, layout_basic,
          shapermc_ecumenical_altar_totnotflames, kennysheep_doodads,
          minmay_close_crescents
D:2:      layout_loops_corners, basic_altar, grunt_decor_arrowhead
D:3:      due_chaos_kobolds, layout_basic, serial_shops, shop_fountains,
          gup_sewer_entry_bubbles, minmay_misc_feat_diagonals
D:4:      layout_loops_ring, st_stairs_14
D:5:      layout_layer_cave, minmay_temple_entry_statues_fountains,
          nicolae_specific_store, minmay_strange_pillars
D:6:      layout_basic, okawaru_trees_1, minmay_fractal_squares_gapless_5
D:7:      cheibrodos_shockbox, layout_basic, enter_ossuary_4, nicolae_evil_shop,
          uniq_joseph
D:8:      layout_basic, mainiacjoe_overflow_concentric_impassable,
          due_lair_maze_entry_diamond
Temple:   nicolae_temple_bog_church
Lair:1:   layout_roguey, columned_hall_lemuel, minivault_23,
          serial_bayou_lagoon_a
Lair:2:   layout_hall_layers, elwin_shoals_entry_rocks, st_stairs_13,
          grunt_megastairs_1
Lair:3:   layout_loops_ring, guppyfry_snake_entry_island,
          grunt_forest_large_clearing_hut, uniq_gastronok
Lair:4:   layout_small_grid, nicolae_volcano_entry_two_sided, grunt_megastairs_4
Lair:5:   guppyfry_lair_end_dragon, layout_long_grid,
          hangedman_lair_tendril_chambers, slime_entry_1, basic_altar,
          st_stairs_3, minivault_25, serial_bayou_shore_a,
          infiniplex_staircase_pool_2

Skill      XL: |  1  2  3  4  5  6  7  8  9 10 11 12 13 |
---------------+----------------------------------------+-----
Spellcasting   | 3 4 5 6 7 9 |  9.1
Hexes          | 1 2 3 4 5 |  5.8
Conjurations   | 5 6 7 8 9 10 | 10.4
Evocations     | 1 2 4 5 6 7 9 |  9.8
Ice Magic      | 2 4 5 7 8 9 |  9.0
Air Magic      | 2 4 5 6 7 |  7.0
Dodging        | 3 5 6 7 |  7.6
Fighting       | 3 5 7 9 |  9.4
Invocations    | 4 6 |  6.3
Earth Magic    | 2 |  2.7
Stealth        | |  1.7

Action                   |  1- 3 |  4- 6 |  7- 9 | 10-12 | 13-15 || total
-------------------------+-------+-------+-------+-------+-------++-------
Melee: Staff             |    32 |       |     1 |    11 |    27 ||    71
       Tailslap          |     4 |     6 |       |     2 |     1 ||    13
       Dagger            |     9 |    71 |       |       |       ||    80
       Punch             |       |     1 |       |     2 |     1 ||     4
 Cast: Magic Dart        |    60 |   126 |   147 |   282 |   149 ||   764
       Searing Ray       |     5 |    10 |    23 |    19 |     2 ||    59
       Dazzling Flash    |       |     1 |     1 |     3 |     2 ||     7
       Fulminant Prism   |       |       |     6 |     3 |       ||     9
       Freezing Cloud    |       |       |     1 |    33 |    42 ||    76
Invok: Ancestor Identity |       |       |     1 |       |       ||     1
       Ancestor Life: Kn |       |       |       |     1 |       ||     1
       Recall Ancestor   |       |       |       |     1 |       ||     1
 Abil: Breathe Frost     |       |       |     9 |     8 |     4 ||    21
Evoke: Wand              |       |       |       |     1 |     2 ||     3
  Use: Scroll            |    10 |     3 |     2 |    16 |       ||    31
       Potion            |       |     3 |       |     2 |     2 ||     7
 Stab: Sleeping          |       |     1 |       |       |       ||     1
       Invisible         |       |       |       |       |     1 ||     1
Armor: Skin              |    19 |    90 |    11 |    25 |    14 ||   159
Dodge: Dodged            |    35 |   177 |    33 |    78 |    47 ||   370
